 Dungeon Crawl Stone Soup version 0.32-a0-172-gc5dd13f2a7 (webtiles) character file.

Game seed: 3665660320605934820

1185 Ceno the Scholar of Death (level 8, 0/58 HPs)
             Began as a Gnoll Necromancer on Feb 13, 2024.
             Was a Follower of Kikubaaqudgha.
             Slain by an orc warrior
             ... wielding a +0 battleaxe
              (13 damage)
             ... on level 7 of the Dungeon.
             The game lasted 00:21:40 (5830 turns).

Ceno the Scholar of Death (Gnoll Necromancer)       Turns: 5830, Time: 00:21:41

Health: 0/58       AC:  6    Str: 13    XL:     8   Next: 42%
Magic:  7/17       EV: 15    Int: 15    God:    Kikubaaqudgha [*.....]
Gold:   355        SH:  0    Dex: 16    Spells: 6/19 levels left

rFire   . . .        a - +1 whip (pain)
rCold   . . .        (no shield)
rNeg    . . .        p - +0 robe
rPois   +            o - +2 hat
rElec   .            q - +0 cloak
rCorr   .            d - +0 pair of gloves
SInv    .            (no boots)
Will    +....        (no amulet)
Stlth   +++          z - ring of Lotseamm {Fly Will+ Str+4 Dex+3}
HPRegen 0.29/turn    E - ring of poison resistance
MPRegen 0.15/turn

%: no passive effects
@: animating dead, flying
A: fangs 1, strong nose, distributed training
a: Renounce Religion, Unearth Wretches


You were on level 7 of the Dungeon.
You worshipped Kikubaaqudgha.
Kikubaaqudgha was aware of your devotion.
You visited 2 branches of the dungeon, and saw 8 of its levels.

You collected 355 gold pieces.

Inventory:

Hand Weapons
 a - a +1 whip of pain (weapon)
 b - a +1 rapier of holy wrath
 e - a +0 short sword
Missiles
 c - 157 stones (quivered)
 h - 12 poisoned darts
Armour
 d - a +0 pair of gloves (worn)
 o - a +2 hat (worn)
 p - a +0 robe (worn)
 q - a +0 cloak (worn)
Magical Staves
 n - the staff "Daemmaf" {Conj Necro Air}
   (You took it off a kobold on level 2 of the Dungeon)

   [staff of conjuration]

   Base accuracy: +5 Base damage: 5 Base attack delay: 1.2 This weapon's minimum
   attack delay (0.6) is reached at skill level 12.
   Conj:      It increases the power of your Conjurations spells.
   Necro:     It increases the power of your Necromancy spells.
   Air:       It increases the power of your Air spells.
   It falls into the 'Staves' category.
   It is a one-handed weapon.
Jewellery
 z - the ring of Lotseamm (left hand) {Fly Will+ Str+4 Dex+3}
   (You found it on level 5 of the Dungeon)

   [ring of flight]

   Str+4:     It affects your strength (+4).
   Dex+3:     It affects your dexterity (+3).
   Will+:     It increases your willpower.
   Fly:       It grants you flight.
 E - a ring of poison resistance (right hand)
 F - a +6 ring of strength
Wands
 y - a wand of polymorph (8)
Scrolls
 f - a scroll of vulnerability {unknown}
 g - 2 scrolls of summoning
 i - a scroll of enchant weapon
 j - a scroll of revelation
 k - a scroll of identify
 r - 2 scrolls of fog {unknown}
 A - a scroll of immolation {unknown}
 C - 2 scrolls of enchant armour {unknown}
 G - a scroll of blinking {unknown}
 H - a scroll of noise {unknown}
Potions
 l - 3 potions of cancellation
 m - a potion of mutation
 s - a potion of attraction {unknown}
 t - a potion of lignification {unknown}
 u - 2 potions of might
 v - a potion of berserk rage {unknown}
 w - a potion of heal wounds
 x - 2 potions of ambrosia {unknown}
 B - a potion of degeneration {unknown}
 I - 3 potions of curing {unknown}


   Skills:
 + Level 3.4 Fighting
 + Level 3.4 Short Blades
 + Level 3.4 Long Blades
 + Level 3.4 Axes
 + Level 3.4 Maces & Flails
 + Level 3.4 Polearms
 + Level 3.4 Staves
 + Level 3.4 Ranged Weapons
 + Level 3.4 Throwing
 + Level 3.4 Armour
 + Level 5.7 Dodging
 + Level 5.4 Stealth
 + Level 3.4 Shields
 + Level 3.4 Unarmed Combat
 + Level 6.1 Spellcasting
 + Level 2.7 Conjurations
 + Level 2.7 Hexes
 + Level 2.7 Summonings
 + Level 7.7 Necromancy
 + Level 2.7 Translocations
 + Level 2.7 Fire Magic
 + Level 2.7 Ice Magic
 + Level 2.7 Air Magic
 + Level 2.7 Earth Magic
 + Level 2.7 Alchemy
 + Level 3.7 Invocations
 + Level 3.4 Evocations
 + Level 3.1 Shapeshifting


You had 6 spell levels left.
You knew the following spells:

 Your Spells              Type           Power      Damage    Failure   Level
a - Necrotise             Necr           100%       1d9       1%          1
b - Vampiric Draining     Necr           27%        2d7       1%          3
c - Animate Dead          Necr           27%        N/A       6%          4
d - Curse of Agony        Necr           27%        N/A       17%         5

Your spell library contained the following spells:

 Spells                   Type           Power      Damage    Failure   Level
 Kiss of Death            Conj/Necr      80%        2d11      1%          1
 Sublimation of Blood     Necr           27%        N/A       1%          2
 Magic Dart               Conj           48%        1d5       4%          1
 Blink                    Tloc           24%        N/A       7%          2
 Call Imp                 Summ           24%        N/A       7%          2


Dungeon Overview and Level Annotations

Branches:
Dungeon (7/15)             Temple (1/1) D:7

Altars:
Dithmenos
Gozag
Hepliaklqana
Kikubaaqudgha
Makhleb
Nemelex Xobeh
Ru
Trog
Uskayaw
Vehumet
Xom
Yredelemnul
Zin
The Shining One

Annotations:
D:4 3 runed translucent doors, IdlyInterested's ghost, novice OpSh
D:5 exclusion: wraith
D:6 exclusion: wight
D:7 exclusion: 2 wights, Prince Ribbit


Innate Abilities, Weirdness & Mutations

You have very sharp teeth.
Your uncanny sense of smell can sniff out nearby items.
Your experience applies equally to all skills.


Message History

Your howler monkey zombie hits the orc warrior.
The orc warrior hits you with a +0 battleaxe.
The orc warrior hits your howler monkey zombie with a +0 battleaxe.
Your howler monkey zombie hits the orc warrior but does no damage.
Prince Ribbit misses you. The orc warrior misses you.
The orc warrior barely misses your howler monkey zombie.
Prince Ribbit blinks!
Your howler monkey zombie hits the orc warrior.
The orc warrior misses you.
The orc warrior hits your howler monkey zombie with a +0 battleaxe!
Your howler monkey zombie hits the orc warrior but does no damage.
You closely miss the orc warrior.
The orc warrior is lightly wounded.
Your howler monkey zombie hits something.
A two-headed ogre comes into view.
The two-headed ogre shouts in stereo!
An iguana comes into view.
The iguana hisses angrily.
Kikubaaqudgha calls piteous wretches from the earth!
A rat comes into view.
The orc warrior hits you with a +0 battleaxe!!
* * * LOW HITPOINT WARNING * * *
Something barely misses you.
Prince Ribbit sighs, "It's not easy being green!"
Prince Ribbit blinks!
Your howler monkey zombie hits something.
Something hits you but does no damage. The orc warrior misses you.
Your howler monkey zombie completely misses something.
Casting: Necrotise (safe; 1% risk of failure)
Confirm with . or Enter, or press ? or * to list all spells.
You dismiss your zombies and call upon the dead to rise afresh.
Your howler monkey zombie crumbles into dust!
You hear some strange, mumbled words.
A magic dart appears from out of thin air!
The magic dart hits you.
* * * LOW HITPOINT WARNING * * *
The orc warrior hits you with a +0 battleaxe!
You die...
Kikubaaqudgha rasps: You have failed me!
Welcome... death!

#+###...##.......##....##.
........###########....##.
.......................... #.
.......................... #..
..........................
.....##...Z##.......##....##.
##.##.##.##Z##.......##....##.
.##.........#.###########.......
............r.{@.))....#........
..#..⌠...⌠..#§olO).....#........
..#.........#..........#........
.......>....F..........#..>.....
####.........#.##.......##.......
..##..⌠...⌠..#.###########[).....
................+........).......
..##.........#..#................
...##.##.##.##..#................


You could see a two-headed ogre (paralysed), Prince Ribbit, an orc warrior, an
iguana (paralysed) and a rat (paralysed, unaware).

Vanquished Creatures
  Duvessa (D:7)
  An ogre (D:5)
  A kobold brigand (D:7)
  A scorpion (D:7)
  Dowan (D:7)
  3 howler monkeys (D:7)
  A bombardier beetle (D:5)
  4 hounds (D:5)
  2 jellies (D:7)
  4 iguanas
  An orc wizard (D:5)
  Natasha (twice) (D:4)
  3 gnolls (D:7)
  10 adders
  A shadow imp (D:7)
  A white imp (D:7)
  2 dart slugs
  2 ribbon worms (D:2)
  15 orcs
  10 endoplasms
  4 giant cockroaches
  9 goblins
  9 hobgoblins
  4 jackals (D:1)
  18 kobolds
  5 quokkas
  6 ball pythons
  5 bats
  2 frilled lizards
  7 rats
135 creatures vanquished.

Vanquished Creatures (collateral kills)
  Natasha (D:4)
  An adder (D:5)
  A ribbon worm (D:5)
  2 orcs (D:5)
  A bat (D:3)
  A hobgoblin (D:2)
  A frilled lizard (D:2)
  3 kobolds
11 creatures vanquished.

Vanquished Creatures (others)
  A hound zombie (D:5)
  A felid zombie (D:4)
  An adder zombie (D:5)
  A bat zombie (D:2)
  A gnoll zombie (D:7)
  A hobgoblin (D:7)
  An endoplasm zombie (D:4)
  4 kobold zombies (D:7)
  An orc zombie (D:7)
  A quokka zombie (D:4)
13 creatures vanquished.

Grand Total: 159 creatures vanquished

Notes
Turn   | Place    | Note
-------+----------+-------------------------------------------
     0 | D:1      | Ceno the Gnoll Necromancer began the quest for the Orb.
     0 | D:1      | Reached XP level 1. HP: 13/13 MP: 6/6
    89 | D:1      | Reached XP level 2. HP: 15/19 MP: 0/7
   460 | D:1      | Found a faded altar of an unknown god.
   488 | D:1      | Reached skill level 5 in Spellcasting
   488 | D:1      | Reached XP level 3. HP: 22/25 MP: 1/9
   656 | D:1      | Learned a level 3 spell: Vampiric Draining
   789 | D:1      | Reached skill level 1 in Invocations
  1119 | D:2      | Reached skill level 1 in Fighting
  1119 | D:2      | Reached skill level 1 in Short Blades
  1119 | D:2      | Reached skill level 1 in Long Blades
  1119 | D:2      | Reached skill level 1 in Axes
  1119 | D:2      | Reached skill level 1 in Maces & Flails
  1119 | D:2      | Reached skill level 1 in Polearms
  1119 | D:2      | Reached skill level 1 in Staves
  1119 | D:2      | Reached skill level 1 in Ranged Weapons
  1119 | D:2      | Reached skill level 1 in Throwing
  1119 | D:2      | Reached skill level 1 in Armour
  1119 | D:2      | Reached skill level 1 in Shields
  1119 | D:2      | Reached skill level 1 in Unarmed Combat
  1119 | D:2      | Reached skill level 1 in Evocations
  1152 | D:2      | Reached skill level 1 in Shapeshifting
  1152 | D:2      | Reached XP level 4. HP: 32/32 MP: 2/11
  1177 | D:2      | Learned a level 4 spell: Animate Dead
  1263 | D:2      | Identified the staff "Daemmaf" {Conj Necro Air}
  1477 | D:2      | Identified the +4 leather armour of Jeghuxax {Rampage
                  | *Corrode rElec}
  1499 | D:2      | Reached skill level 1 in Conjurations
  1499 | D:2      | Reached skill level 1 in Hexes
  1499 | D:2      | Reached skill level 1 in Summonings
  1499 | D:2      | Reached skill level 1 in Translocations
  1499 | D:2      | Reached skill level 1 in Fire Magic
  1499 | D:2      | Reached skill level 1 in Ice Magic
  1499 | D:2      | Reached skill level 1 in Air Magic
  1499 | D:2      | Reached skill level 1 in Earth Magic
  1499 | D:2      | Reached skill level 1 in Alchemy
  1513 | D:2      | Identified the +8 plate armour "Zethros" {Regen+ Str+4}
  1799 | D:3      | Noticed a +0 spear
  1800 | D:3      | Noticed a +0 dagger
  1800 | D:3      | Noticed a +0 short sword
  1801 | D:3      | Noticed a +0 falchion
  1801 | D:3      | Noticed a +0 short sword
  1802 | D:3      | Noticed a +0 falchion
  1803 | D:3      | Noticed a +0 dagger
  1803 | D:3      | Noticed a +0 spear
  1819 | D:3      | Found a hide-covered altar of Uskayaw.
  2058 | D:3      | Found a shimmering altar of Xom.
  2205 | D:3      | Found a hazy altar of Hepliaklqana.
  2664 | D:4      | Found a runed translucent gate.
  2664 | D:4      | Found a runed translucent gate.
  2664 | D:4      | Found a runed translucent gate.
  2669 | D:4      | Noticed IdlyInterested's ghost (novice OpSh)
  2811 | D:4      | Reached XP level 5. HP: 37/37 MP: 10/12
  2903 | D:4      | Noticed Natasha
  2920 | D:4      | Killed Natasha
  3109 | D:4      | Noticed Natasha
  3117 | D:4      | Killed Natasha
  3230 | D:4      | Noticed Natasha
  3249 | D:4      | Your ally Natasha died
  3257 | D:4      | Killed Natasha
  3334 | D:4      | Found an ancient bone altar of Kikubaaqudgha.
  3340 | D:4      | Became a worshipper of Kikubaaqudgha
  3389 | D:5      | Entered Level 5 of the Dungeon
  3398 | D:5      | Noticed an ogre
  3408 | D:5      | Killed an ogre
  3409 | D:5      | Reached skill level 5 in Dodging
  3409 | D:5      | Reached XP level 6. HP: 6/44 MP: 3/14
  3594 | D:5      | Identified the ring of Lotseamm {Fly Will+ Str+4 Dex+3}
  3652 | D:5      | Found a glowing golden altar of the Shining One.
  3802 | D:5      | Learned a level 5 spell: Curse of Agony
  3883 | D:5      | Reached XP level 7. HP: 49/51 MP: 8/15
  3965 | D:5      | Found a sparkling altar of Nemelex Xobeh.
  4098 | D:5      | Noticed a wraith
  4269 | D:5      | Reached skill level 5 in Stealth
  4703 | D:6      | Found a basalt altar of Yredelemnul.
  5117 | D:7      | Found a staircase to the Ecumenical Temple.
  5120 | D:7      | Noticed Prince Ribbit
  5130 | Temple   | Entered the Ecumenical Temple
  5166 | D:7      | Noticed Duvessa
  5170 | D:7      | Noticed Dowan
  5210 | D:7      | Killed Duvessa
  5210 | D:7      | Reached * piety under Kikubaaqudgha
  5210 | D:7      | Received a gift from Kikubaaqudgha
  5239 | D:7      | Killed Dowan
  5282 | D:7      | Reached XP level 8. HP: 45/58 MP: 2/16
  5483 | D:7      | Found a bloodstained altar of Trog.
  5828 | D:7      | Noticed a two-headed ogre
  5830 | D:7      | Slain by an orc warrior

Illustrated notes

Levels and vault maps discovered:
D:1:      minmay_arrival_shattered_statue, layout_loops_ring,
          hellmonk_ecumenical_altar_arch_garden, minmay_fountain_box
D:2:      layout_rooms, nicolae_concentric_dashed_squares_wild
D:3:      layout_basic, nicolae_uskayaw_en_pointe, lemuel_tele_altar,
          regret_index_xom_buried_treasure, moated_statue
D:4:      layout_cave_pools, kennysheep_mini, gammafunk_ghost_necromancy,
          serial_column_ruins, column_ruins_open_medium, column_ruins_open_tiny,
          column_ruins_open_small, column_ruins_columns_corner,
          column_ruins_open_small, column_ruins_grid_1,
          minmay_misc_feat_ornament, uniq_natasha
D:5:      kennysheep_spiral_hall, layout_basic, nemelex_diamond_rough_becter,
          mainiacjoe_overflow_boulevard, nicolae_half_adder
D:6:      layout_rooms, yredelemnul_altar_generic
D:7:      layout_gridville, trog_hazing_becter, elyvilon_altar_4,
          minmay_temple_entry_large_hall, uniq_duvessa, uniq_prince_ribbit1
Temple:   hellmonk_temple_flake

Skill      XL: |  1  2  3  4  5  6  7  8 |
---------------+-------------------------+-----
Spellcasting   | 5 6 |  6.1
Invocations    | 1 2 3 |  3.7
Fighting       | 1 2 3 |  3.4
Short Blades   | 1 2 3 |  3.4
Long Blades    | 1 2 3 |  3.4
Axes           | 1 2 3 |  3.4
Maces & Flails | 1 2 3 |  3.4
Polearms       | 1 2 3 |  3.4
Staves         | 1 2 3 |  3.4
Ranged Weapons | 1 2 3 |  3.4
Throwing       | 1 2 3 |  3.4
Armour         | 1 2 3 |  3.4
Shields        | 1 2 3 |  3.4
Unarmed Combat | 1 2 3 |  3.4
Evocations     | 1 2 3 |  3.4
Shapeshifting  | 1 2 3 |  3.1
Conjurations   | 1 2 |  2.7
Hexes          | 1 2 |  2.7
Summonings     | 1 2 |  2.7
Translocations | 1 2 |  2.7
Fire Magic     | 1 2 |  2.7
Ice Magic      | 1 2 |  2.7
Air Magic      | 1 2 |  2.7
Earth Magic    | 1 2 |  2.7
Alchemy        | 1 2 |  2.7
Dodging        | 5 |  5.7
Stealth        | 5 |  5.4
Necromancy     | |  7.7

Action                     |  1- 3 |  4- 6 |  7- 9 || total
---------------------------+-------+-------+-------++-------
  Melee: Short sword       |    39 |       |       ||    39
         Bite              |     5 |     9 |    10 ||    24
         Whip              |       |    92 |   106 ||   198
         Staff             |       |    25 |       ||    25
         Rapier            |       |       |     7 ||     7
  Throw: Stone             |     1 |       |       ||     1
         Dart              |       |       |     4 ||     4
   Cast: Necrotise         |    48 |    37 |    17 ||   102
         Vampiric Draining |     3 |     9 |    22 ||    34
         Animate Dead      |       |     6 |     6 ||    12
         Curse of Agony    |       |     1 |       ||     1
 Invoke: Unearth Wretches  |       |       |     1 ||     1
    Use: Scroll            |       |     1 |     6 ||     7
         Potion            |       |       |     2 ||     2
   Stab: Sleeping          |     1 |     4 |     2 ||     7
 Armour: Robe              |    27 |    73 |    99 ||   199
         Skin              |       |     5 |       ||     5
  Dodge: Dodged            |    35 |    81 |   102 ||   218

Table legend: (Time is in decaauts)
 A = Elapsed time spent in this place.
 B = Non-inter-level travel time spent in this place.
 C = Inter-level travel time spent in this place.
 D = Time resting spent in this place.
 E = Time spent auto-exploring this place.
 F = Levels seen in this place.
 G = Mean time per level.
                   A        B        C        D        E       F      G
               +--------+--------+--------+--------+--------+-----+--------+
         Total |   5823 |   5672 |    151 |    152 |   3212 |   8 |  727.9 |
       Dungeon |   5821 |   5670 |    151 |    152 |   3212 |   7 |  831.6 |
        Temple |      1 |      1 |      0 |      0 |      0 |   1 |    1.0 |
               +--------+--------+--------+--------+--------+-----+--------+

Top non-repeatable levels by time:
     D:5: 1288 daAuts
     D:1: 1003 daAuts
     D:3: 867 daAuts
     D:4: 765 daAuts
     D:2: 755 daAuts
     D:7: 743 daAuts
     D:6: 398 daAuts
  Temple: 1 daAuts
